 Dungeon Crawl Stone Soup version 0.28-a0-751-gef3a642a4e (webtiles) character file.

Game seed: 740115661574294231

9 willcat the Sneak (level 2, 0/18 HPs)
             Began as a Deep Elf Delver on Oct 30, 2021.
             Succumbed to an adder's poison
             ... on level 6 of the Dungeon.
             The game lasted 00:00:14 (146 turns).

willcat the Sneak (Deep Elf Delver)                  Turns: 146, Time: 00:00:14

Health: 0/18       AC:  3    Str:  9    XL:     2   Next: 3%
Magic:  4/4        EV: 12    Int: 14    God:
Gold:   4          SH:  0    Dex: 16    Spells: 1/1 levels left

rFire   . . .      SeeInvis .   a - +0 short sword
rCold   . . .      Faith    .   (no shield)
rNeg    . . .      Spirit   .   b - +0 leather armour
rPois   .          Reflect  .   (no helmet)
rElec   .          Harm     .   (no cloak)
rCorr   .          Rampage  .   (no gloves)
Will    .....                   (no boots)
Stlth   +++.......              (no amulet)
HPRegen 0.06/turn               (no ring)
MPRegen 0.09/turn               (no ring)

@: lethally poisoned (0 -> -7)
A: no striking features
a: no special abilities


You were on level 6 of the Dungeon.
You visited 1 branch of the dungeon, and saw 2 of its levels.

You collected 4 gold pieces.

Inventory:

Hand Weapons
 a - a +0 short sword (weapon)
Armour
 b - a +0 leather armour (worn)
Wands
 g - a wand of digging (3)
Scrolls
 c - a scroll of fog
 d - a scroll of magic mapping
 e - a scroll of fear
Potions
 f - a potion of haste
 h - 2 potions of heal wounds {unknown}


   Skills:
 - Level 2.4 Fighting
 + Level 2.2 Short Blades
 + Level 2.8 Dodging
 + Level 6.2 Stealth


You had one spell level left.
You didn't know any spells.
Your spell library was empty.

Dungeon Overview and Level Annotations

Branches:
Dungeon (6/15)
 Temple: D:4-7

Altars:


Message History

The adder bites you but does no damage.
You hit the adder but do no damage. The adder closely misses you.
The adder bites you.
You are poisoned.
The adder poisons you!
You hit the adder.
The adder is heavily wounded.
You feel sick. The adder bites you.
You closely miss the adder.
The adder is heavily wounded.
You feel sick. The adder misses you.
You hit the adder.
The adder is severely wounded.
You feel sick. The adder bites you but does no damage. The adder bites you.
You are more poisoned.
The adder poisons you!
You are too injured to fight recklessly!
You are too injured to fight recklessly!
You are too injured to fight recklessly!
You miss the adder.
The adder is severely wounded.
You feel sick. The adder misses you.
You hit the adder but do no damage.
The adder is severely wounded.
You feel sick. The adder bites you but does no damage.
Unknown command.
You barely miss the adder.
The adder is severely wounded.
You feel sick. The adder barely misses you.
Unknown command.
You barely miss the adder.
The adder is severely wounded.
You feel sick. The adder bites you.
* * * LOW HITPOINT WARNING * * *
You are lethally poisoned!
The adder poisons you! The adder barely misses you.
Unknown command.
You barely miss the adder.
The adder is severely wounded.
You die...

#### ...##
....## #...##
#...## ##...##
##.....##
######...##..#
.......@###..##
......S## ##..#
..##...
#..####### ##
##..
#........###.
#..
#............
...
############.
...# #. ..# #.
#.


You could see an adder.

Vanquished Creatures
  An adder (D:5)
1 creature vanquished.

Notes
Turn   | Place    | Note
-------+----------+-------------------------------------------
     0 | D:5      | willcat the Deep Elf Delver began the quest for the Orb.
     0 | D:5      | Reached XP level 1. HP: 13/13 MP: 3/3
    51 | D:5      | Reached XP level 2. HP: 18/18 MP: 4/4
   146 | D:6      | Succumbed to an adder's poison

Illustrated notes

Levels and vault maps discovered:
D:5:      layout_loops_ring, nicolae_uskayaw_murder_on_the_dancefloor,
          nicolae_tso_swordbearing_angel, minmay_temple_entry_statues_fountains,
          nicolae_specific_store, goddamned_bats, uniq_ijyb
D:6:      layout_loops_corners, kennysheep_little_box,
          mainiacjoe_overflow_tiny_flanked, nicolae_sextant

Action                   || total
-------------------------++-------
Melee: Short sword       ||    10
 Stab: Sleeping          ||     1
Armor: Leather armour    ||     4
Dodge: Dodged            ||     6

Table legend: (Time is in decaauts)
 A = Elapsed time spent in this place.
 B = Non-inter-level travel time spent in this place.
 C = Inter-level travel time spent in this place.
 D = Time resting spent in this place.
 E = Time spent auto-exploring this place.
 F = Levels seen in this place.
 G = Mean time per level.
                   A        B        C        D        E       F      G
               +--------+--------+--------+--------+--------+-----+--------+
         Total |    145 |    145 |      0 |      0 |    114 |   2 |   72.5 |
       Dungeon |    145 |    145 |      0 |      0 |    114 |   2 |   72.5 |
               +--------+--------+--------+--------+--------+-----+--------+

Top non-repeatable levels by time:
     D:5: 107 daAuts
     D:6: 38 daAuts
